 Dungeon Crawl Stone Soup version 0.31-a0-267-g3fc6992b3b (webtiles) character file.

Game seed: 10359221619288702734

39 qw the Shooter (level 3, -9/29 HPs)
             Began as a Minotaur Hexslinger on July 13, 2023.
             Killed by divine providence
             ... invoked by an orc priest
              (14 damage)
             ... on level 2 of the Dungeon.
             The game lasted 00:00:25 (680 turns).

qw the Shooter (Minotaur Hexslinger)                 Turns: 680, Time: 00:00:26

Health: -9/29      AC:  6    Str: 11 (12) XL:     3   Next: 26%
Magic:  3/3        EV: 10    Int:  8 (10) God:
Gold:   83         SH:  0    Dex: 13 (14) Spells: 3/4 levels left

rFire   . . .        Y - +1 sling
rCold   . . .        (no shield)
rNeg    . . .        o - +0 ring mail
rPois   .            (helmet restricted)
rElec   .            (no cloak)
rCorr   .            (no gloves)
SInv    .            l - +0 pair of boots
Will    .....        (no amulet)
Stlth   +            (no ring)
HPRegen 0.24/turn    (no ring)
MPRegen 0.08/turn

%: no passive effects
@: no status effects
A: horns 2, retaliatory headbutt
a: no special abilities


You were on level 2 of the Dungeon.
You visited 1 branch of the dungeon, and saw 2 of its levels.

You collected 83 gold pieces.


Innate Abilities, Weirdness & Mutations

You have a pair of horns on your head.
You reflexively headbutt those who attack you in melee.


   Skills:
 - Level 2.0 Fighting
 + Level 3.8 Ranged Weapons
 - Level 2.1 Dodging
 - Level 1.0 Spellcasting
 - Level 2.0 Hexes


You had 3 spell levels left.
You knew the following spells:

 Your Spells              Type           Power      Damage    Failure   Level
a - Slow                  Hex            12%        N/A       38%         1

Your spell library contained the following spells:

 Spells                   Type           Power      Damage    Failure   Level
 Inner Flame              Hex/Fire       2%         N/A       88%         3
 Portal Projectile        Hex/Tloc       4%         N/A       88%         3
 Cause Fear               Hex            1%         N/A       99%         4

Inventory:

Hand Weapons
 Y - a +1 sling (weapon)
Armour
 l - a +0 pair of boots (worn)
 o - a +0 ring mail (worn)
Potions
 f - 2 potions of curing
 h - a potion of brilliance {unknown}
 i - a potion of lignification {unknown}
 k - a potion of resistance {unknown}
 n - a potion of might {unknown}

Dungeon Overview and Level Annotations

Branches:
Dungeon (2/15)

Altars:

Shops:
D:2 (

Annotations:
D:2 Jessica


Message History

You shoot a sling bullet. The sling bullet hits the orc.
The orc is heavily wounded.
You shoot a sling bullet. The sling bullet hits the orc.
You kill the orc!
An orc priest comes into view. It is wielding a +0 club.
The orc priest shouts!
You hear a shout!
673 ||| Stepping ~*~*~tactically~*~*~ (outnumbered).
Found a stone staircase leading down.
674 ||| Stepping ~*~*~tactically~*~*~ (outnumbered).
675 ||| Stepping ~*~*~tactically~*~*~ (outnumbered).
Jessica the Apprentice Sorceress comes into view.
She is wielding a +0 club.
Found a short sword and a fizzy ruby potion.
Jessica shouts!
A bat comes into view.
A hobgoblin comes into view.
A bat comes into view.
676 ||| Stepping ~*~*~tactically~*~*~ (outnumbered).
Jessica mumbles some strange words.
Jessica seems to speed up.
A quokka comes into view.
You shoot a sling bullet. The sling bullet hits the bat.
You kill the bat!
The bat hits you but does no damage.
You shoot a sling bullet. The sling bullet hits the orc priest.
The orc priest is moderately wounded.
The bat hits you but does no damage.
The orc priest hits you but does no damage.
You shoot a sling bullet. The sling bullet hits the orc priest.
The orc priest is moderately wounded.
The bat hits you but does no damage. Jessica barely misses you.
The orc priest hits you with a +0 club. Jessica hits you with a +0 club!
You shoot a sling bullet.
The sling bullet closely misses the orc priest.
The bat barely misses you. Jessica barely misses you. You furiously retaliate!
You headbutt Jessica! The orc priest barely misses you.
You furiously retaliate!
You headbutt the orc priest! The hobgoblin closely misses you.
Jessica points at you and mumbles some strange words.
Pain shoots through your body!
The hobgoblin hits you but does no damage.
The orc priest calls down the wrath of Beogh upon you.
Beogh smites you!
You die...

...........
...... ..........
..........)..!...
....... .........
....$ ....%....
.o.# #r.......
#o###@g.....#
#).##@...#
#..oob..\# ###
#...##.#.>#
.....####)..# .#
.# #....<)..# .#
.# ######...# .#
.. #...# .# .
....# .# ..####


You could see an orc priest, an orc wizard, Jessica (fast), a quokka, a
hobgoblin and a bat.

Vanquished Creatures
  2 dart slugs (D:1)
  An orc (D:2)
  3 endoplasms (D:1)
  3 goblins
  3 hobgoblins (D:1)
  3 jackals (D:2)
  A quokka (D:2)
  3 ball pythons (D:1)
  3 bats
  5 frilled lizards (D:1)
  3 kobolds (D:1)
  5 rats
35 creatures vanquished.

Notes
Turn   | Place    | Note
-------+----------+-------------------------------------------
     0 | D:1      | qw the Minotaur Hexslinger began the quest for the Orb.
     0 | D:1      | Reached XP level 1. HP: 16/16 MP: 1/1
     0 | D:1      | 0 ||| qw: Version: 0.3-a-52-g30416fa
     0 | D:1      | 0 ||| qw: Game counter: 7665
     0 | D:1      | 0 ||| qw: Melee chars always use a shield: true
     0 | D:1      | 0 ||| qw: God list: Okawaru
     0 | D:1      | 0 ||| qw: Allow faded altars: false
     0 | D:1      | 0 ||| qw: Do Orc after clearing Dungeon:15 true
     0 | D:1      | 0 ||| qw: Do second Lair branch before Depths: true
     0 | D:1      | 0 ||| qw: Lair rune preference: random
     0 | D:1      | 0 ||| qw: Goals: Normal
     0 | D:1      | 0 ||| PLANNING D:1-11
    78 | D:1      | 78 ||| FLEEEEING.
   112 | D:1      | Reached skill level 3 in Ranged Weapons
   124 | D:1      | Reached XP level 2. HP: 22/23 MP: 2/2
   576 | D:1      | 576 ||| UPGRADING to +0 pair of boots.
   581 | D:1      | 581 ||| UPGRADING to +0 leather armour.
   591 | D:1      | 591 ||| DROPPING +0 robe.
   592 | D:1      | 592 ||| UPGRADING to +0 ring mail.
   602 | D:1      | 602 ||| DROPPING +0 leather armour.
   603 | D:1      | 603 ||| READING 4 scrolls labelled ADDISCH NAQIRU.
   604 | D:1      | 604 ||| READING scroll labelled XEQIUMESME.
   605 | D:1      | 605 ||| READING scroll labelled DOWEK PEINIM.
   606 | D:1      | 606 ||| DRINKING 2 bubbling dark potions.
   607 | D:1      | 607 ||| DRINKING 3 yellow potions.
   608 | D:1      | 608 ||| DROPPING 3 scrolls of fog.
   609 | D:1      | 609 ||| DROPPING scroll of poison.
   610 | D:1      | 610 ||| DROPPING potion of degeneration.
   635 | D:2      | Reached XP level 3. HP: 29/29 MP: 3/3
   640 | D:2      | 640 ||| Stepping ~*~*~tactically~*~*~ (outnumbered).
   672 | D:2      | Found Gaxeceg's Antique Weapon Boutique.
   673 | D:2      | 673 ||| Stepping ~*~*~tactically~*~*~ (outnumbered).
   674 | D:2      | 674 ||| Stepping ~*~*~tactically~*~*~ (outnumbered).
   675 | D:2      | 675 ||| Stepping ~*~*~tactically~*~*~ (outnumbered).
   675 | D:2      | Noticed Jessica
   676 | D:2      | 676 ||| Stepping ~*~*~tactically~*~*~ (outnumbered).
   680 | D:2      | HP: 5/29 [Jessica/nerve-wracking pain (13)]
   680 | D:2      | Killed from afar by an orc priest

Levels and vault maps discovered:
D:1:      dpeg_arrival_pits, layout_rooms, dreamdust_princess_bridge
D:2:      layout_rooms, dreamdust_ecumenical_altar_statues, serial_shops,
          nicolae_shop_gaudy_bauble, shop, grunt_decor_junction, uniq_jessica,
          uniq_crazy_yiuf_cottage

Skill      XL: |  1  2 |
---------------+-------+-----
Ranged Weapons | 3 |  3.8
Fighting       | 2 |  2.0
Dodging        | |  2.1
Spellcasting   | |  1.0
Hexes          | |  2.0

Action                     || total
---------------------------++-------
   Fire: Sling             ||    91
    Use: Scroll            ||     3
         Potion            ||     2
 Armour: Robe              ||     3
         Ring mail         ||    29
  Dodge: Dodged            ||    43

Table legend:
 A = Non-vault XP
 B = Vault XP
 C = Vault XP percentage of total XP
 D = Non-vault monster count
 E = Vault monster count
 F = Vault count percentage of total count
                 A         B        C        D         E       F
            +---------+---------+-------+---------+---------+-------
      Total |      56 |       0 |   0.0 |      35 |       0 |   0.0
            +---------+---------+-------+---------+---------+-------
        D:1 |      40 |       0 |   0.0 |      26 |       0 |   0.0
        D:2 |      16 |       0 |   0.0 |       9 |       0 |   0.0
            +---------+---------+-------+---------+---------+-------
